 Dungeon Crawl Stone Soup version 0.21.1-1-g345015f (webtiles) character file.

616 Alelolelolen the Agent of Entropy (level 7, -9/55 HPs)
             Began as a Demonspawn Abyssal Knight on May 15, 2018.
             Was a Priest of Lugonu.
             Shot themself with a bolt of acid (10 damage)
             ... on level 5 of the Dungeon.
             The game lasted 00:14:37 (6081 turns).

Alelolelolen the Agent of Entropy (DsAK)            Turns: 6081, Time: 00:14:39

Health: -9/55      AC: 11    Str: 17    XL:     7   Next: 21%
Magic:  10/10      EV: 11    Int: 13    God:    Lugonu [***...]
Gold:   146        SH:  3    Dex: 12    Spells: 6/6 levels left

rFire    . . .     SeeInvis .   a - +1 spear
rCold    . . .     Gourm    .   d - +0 buckler
rNeg     . . .     Faith    .   o - +0 ring mail
rPois    .         Spirit   .   m - +1 hat
rElec    .         Reflect  .   r - +0 cloak
rCorr    .         Harm     .   h - +0 pair of gloves
MR       .....                  (no boots)
Stlth    ++........             (no amulet)
HPRegen  0.18/turn              (no ring)
MPRegen  0.12/turn              (no ring)

@: lethally poisoned (-9 -> -10), berserk cooldown
A: claws 2, fangs 1, yellow scales 1, camouflage 1, demonic guardian 1, powered
by pain 1, strong 1
a: Depart the Abyss, Bend Space, Banish, Renounce Religion


You were on level 5 of the Dungeon.
You worshipped Lugonu.
Lugonu was most pleased with you.
You were not hungry.

You visited 1 branch of the dungeon, and saw 5 of its levels.
You visited the Abyss 1 time.

You collected 146 gold pieces.

Inventory:

Hand Weapons
 a - a +1 spear (weapon)
Armour
 b - a +0 leather armour
 d - a +0 buckler (worn)
 h - a +0 pair of gloves (worn)
 m - a +1 hat (worn)
 o - a +0 ring mail (worn)
 r - a +0 cloak (worn)
Jewellery
 g - a cursed -2 ring of dexterity {unknown}
Wands
 s - a wand of scattershot (8)
 t - a wand of acid (4)
Scrolls
 f - 3 scrolls of remove curse {unknown}
 i - a scroll of blinking {unknown}
 j - 5 scrolls of identify {unknown}
 k - 2 scrolls of fog {unknown}
 n - a scroll of enchant weapon {unknown}
 q - 2 scrolls of teleportation {unknown}
Potions
 e - a potion of mutation
 u - a potion of invisibility
 v - 2 potions of haste
Comestibles
 c - 4 rations


   Skills:
 + Level 4.5 Fighting
 + Level 3.5 Polearms
 + Level 3.6 Armour
 + Level 3.1 Dodging
 + Level 5.1 Invocations


You had 6 spell levels left.
You didn't know any spells.

Dungeon Overview and Level Annotations

Branches:
Dungeon (5/15)
 Temple: D:4-7

Altars:
Dithmenos
Okawaru
Trog


Innate Abilities, Weirdness & Mutations

You have very sharp fingernails.
You are partially covered in yellow scales. (AC +2)
A weak demonic guardian rushes to your aid.
You sometimes gain a little power by taking damage.
You have very sharp teeth.
Your skin changes colour to match your surroundings (Stealth+).
Your muscles are strong. (Str +2)


Message History

It was a potion of brilliance.
You feel clever all of a sudden.
Your quasit disappears in a puff of smoke!
It was a potion of cancellation.
Your magical effects are unravelling.
You feel magically purged.
Your magical contamination has completely faded away.
You feel yourself speed up.
You feel yourself slow down.
You flicker back into view.
You feel a little less mighty now.
You feel a little less clever now.
Unknown command.
You eat one of the 5 rations.
That ration really hit the spot!
* * * LOW HITPOINT WARNING * * *
You feel sick.
Okay, then.
Aiming: Corrosive Bolt
Press: ? - help, Shift-Dir - straight line, f - you That beam is likely to hit you.
Continue anyway?
The bolt of acid hits you!
You die...

#.........
##...##....
....##...
#...##..#
#...##..#
#...##(.#
#...##(.#
#.(.5(..#
#.#ยง@##.#
+.....#.#
#.#+#.#.#
#.......#
#.......#
#....#..#
#....##.#
#....##.#
#.#####.#


You could see a friendly white imp.

Vanquished Creatures
  A phantom (D:3)
  A centaur (D:5)
  2 hounds (D:4)
  An orc priest (D:3)
  3 worker ants
  A hound skeleton (D:4)
  2 adders
  An ooze (D:3)
  3 worms
  2 dart slugs
  4 leopard geckos
  7 orcs
  11 bats
  6 giant cockroaches
  6 goblins
  5 hobgoblins
  6 jackals
  9 kobolds
  A quokka (D:4)
  2 ball pythons
  6 frilled lizards
  9 rats
89 creatures vanquished.

Vanquished Creatures (collateral kills)
  The ghost of bmj180 the Chopper, an amateur HOFi (D:3)
  An ice beast (D:4)
  An orc priest (D:3)
  A worker ant (D:5)
  2 orcs (D:3)
  2 rats (D:3)
8 creatures vanquished.

Vanquished Creatures (others)
  A plant (D:1)
1 creature vanquished.

Grand Total: 98 creatures vanquished

Notes
Turn   | Place    | Note
-------+----------+-------------------------------------------
     0 | Abyss:1  | Alelolelolen the Demonspawn Abyssal Knight began the quest for the Orb.
     0 | Abyss:1  | Reached XP level 1. HP: 18/18 MP: 2/2
    74 | Abyss:1  | Noticed a wretched star
    74 | D:1      | Escaped the Abyss
   172 | D:1      | Reached skill level 1 in Dodging
   174 | D:1      | Reached * piety under Lugonu
   383 | D:1      | Gained mutation: You have sharp fingernails. [demonic ancestry]
   383 | D:1      | Reached XP level 2. HP: 22/24 MP: 3/3
   959 | D:1      | Gained mutation: You have very sharp fingernails. [demonic ancestry]
   959 | D:1      | Reached XP level 3. HP: 25/29 MP: 5/5
  1675 | D:2      | Found a shadowy altar of Dithmenos.
  1679 | D:2      | Reached skill level 3 in Invocations
  1873 | D:2      | Found an iron altar of Okawaru.
  1884 | D:2      | Found a bloodstained altar of Trog.
  2096 | D:2      | Reached ** piety under Lugonu
  2417 | D:2      | Gained mutation: A weak demonic guardian rushes to your aid. [demonic ancestry]
  2417 | D:2      | Reached XP level 4. HP: 20/35 MP: 6/6
  3154 | D:3      | Noticed bmj180's ghost (amateur HOFi)
  3443 | D:3      | Killed bmj180's ghost
  3443 | D:3      | Reached XP level 5. HP: 18/42 MP: 7/7
  3968 | D:3      | Noticed a phantom
  4020 | D:3      | Killed a phantom
  4020 | D:3      | Reached skill level 4 in Invocations
  4122 | D:3      | HP: 1/42 [orc priest/divine providence (14)]
  4135 | D:3      | Gained mutation: You are partially covered in yellow scales. (AC +2) [demonic ancestry]
  4135 | D:3      | Reached XP level 6. HP: 38/48 MP: 9/9
  4843 | D:4      | Noticed an ice beast
  4866 | D:4      | Killed an ice beast
  4878 | D:4      | Reached *** piety under Lugonu
  6007 | D:5      | Entered Level 5 of the Dungeon
  6061 | D:5      | Gained mutation: You sometimes gain a little power by taking damage. [demonic ancestry]
  6061 | D:5      | Reached XP level 7. HP: 22/55 MP: 10/10
  6066 | D:5      | Reached skill level 5 in Invocations
  6067 | D:5      | Gained mutation: You have very sharp teeth. [potion of mutation]
  6067 | D:5      | Gained mutation: Your muscles are strong. (Str +2) [potion of mutation]
  6067 | D:5      | Gained mutation: Your skin changes colour to match your surroundings (Stealth+). [potion of mutation]
  6072 | D:5      | HP: 3/82 [poisoned by a worker ant]
  6080 | D:5      | HP: 1/55 [poisoned by a worker ant]
  6081 | D:5      | Shot themself with a bolt of acid

Skill      XL: |  1  2  3  4  5  6  7 |
---------------+----------------------+-----
Armour         | 2 3 |  3.6
Dodging        | 1 2 3 |  3.1
Polearms       | 2 3 |  3.5
Invocations    | 3 4 5 |  5.1
Fighting       | 4 |  4.5

Action                   |  1- 3 |  4- 6 |  7- 9 || total
-------------------------+-------+-------+-------++-------
Melee: Spear             |   233 |   274 |     6 ||   513
Invok: Depart the Abyss  |     1 |       |       ||     1
  Use: Potion            |       |     1 |     6 ||     7
 Stab: Sleeping          |     1 |       |       ||     1
       Distracted        |       |     2 |       ||     2
  Eat: Chunk             |     1 |     2 |       ||     3
       Ration            |     1 |     3 |     1 ||     5
Armor: Leather armour    |    63 |     1 |       ||    64
       Ring mail         |       |    78 |       ||    78
Dodge: Dodged            |    98 |    92 |     4 ||   194
Block: Buckler           |    18 |    29 |     2 ||    49
